AoeStats
← RS_Medik

Arena

510369512Analyzed
4v4 RM · 10h ago on Sep 30, 2026· 18m 16s· 8 players
Game mode
Random Map
Map size
Large (8 player)
Population
200
Speed
Normal
Resources
Standard
Victory
Conquest
Starting age
Dark Age
Ending age
Imperial Age
RankedLock teamsTeams togetherTeam positionsShared explorationLock speedFull tech treeHidden civsTurbo modeCheats
Victory
Defeat
🇭🇷 Armenians · Croatia
905
+14
🇹🇷 Vietnamese · Türkiye
894
+15
🇹🇷 Poles · Türkiye
894
+15
🇭🇷 Cumans · Croatia
878
+15
🇬🇧 Wu · United Kingdom
1000
-64
🇬🇧 Celts · United Kingdom
829
-32
🇬🇧 Turks · United Kingdom
823
-27
🇬🇧 Inca · United Kingdom
823
-27
John Hurtin
0:29 Loom
11:59 Feudal Age
12:27 Double-Bit Axe
13:30 Wheelbarrow
13:00 Horse Collar
15:24 Champi Runner
15:51 Arson
CptNonceFinder
6:35 Loom
9:37 Feudal Age
10:33 Double-Bit Axe
14:26 Wheelbarrow
17:13 Man-at-Arms
17:39 Arson
20:09 Castle Age
Crumb-Bum
10:28 Feudal Age
10:57 Double-Bit Axe
16:36 Forging
perpetualsigh
11:24 Feudal Age
13:18 Loom
16:36 Castle Age
14:40 Double-Bit Axe
RS_Medik
10:33 Feudal Age
10:46 Man-at-Arms
12:35 Long Swordsman
14:11 Arson
AlfioBang
10:02 Feudal Age
11:41 Double-Bit Axe
MAD
0:31 Loom
14:14 Feudal Age
14:50 Double-Bit Axe
14:47 Horse Collar
15:43 Wheelbarrow
16:52 Gold Mining
16:55 Stone Mining
karaokur
0:30 Loom
13:10 Feudal Age
13:34 Horse Collar
13:42 Double-Bit Axe
15:29 Wheelbarrow
20:15 Castle Age
Connection lost

Rejoining the realm…

Still unreachable

The connection could not be restored.

Session expired

The server has moved on; the page needs a fresh start.